Map: Ultralove

Players

UwU - Winner!

  • Race: Zerg Zerg
  • League: Master
  • Spawn Location: 1:00

CHICO

  • Race: Zerg Zerg
  • League: Diamond
  • Spawn Location: 7:00

VOD

Have the link to the VOD?

Description

Time

  • Played on: April 26, 2025, 11:56 a.m.
  • Length: 4:04
Show
View Real Time Build Order
Export as new Build Order

UwU Zerg - Winner!

Build Orders: Hatch First 

Get SALT Encoding   

  12  0:04  Drone  
  13  0:09  Drone  
  14  0:15  Extractor, Drone  
  15  0:38  Hatchery  
  15  0:40  Extractor  
  15  0:41  Drone  
  14  0:58  Spawning Pool  
  14  1:01  Drone  
  14  1:10  Overlord  
  14  1:47  Zergling x6  
  14  1:48  Metabolic Boost  
  14  1:50  Queen  
  14  1:54  Zergling x2  
  20  1:59  Zergling x2  
  21  2:02  Zergling x2  
  22  2:10  Zergling x2  
  22  2:14  Overlord  
  23  2:22  Zergling x2  
  25  2:30  Zergling x4  
  25  2:34  Zergling x2  
  27  2:41  Zergling x2  
  28  2:50  Zergling x2  
  29  2:56  Zergling x4  
  31  3:02  Zergling x4  
  31  3:03  Zergling x4  
  35  3:11  Zergling x2  
  34  3:24  Zergling x6  
  34  3:34  Zergling x2  
  35  3:36  Zergling x2  
  35  3:37  Zergling x6  
  33  3:46  Zergling x2  
Show
View Real Time Build Order
Export as new Build Order

CHICO Zerg 

Build Orders: Hatch First 

Get SALT Encoding   

  12  0:00  Drone  
  13  0:30  Hatchery  
  13  0:31  Drone  
  13  0:41  Overlord  
  13  0:48  Drone  
  14  0:52  Extractor  
  14  0:53  Drone  
  14  0:54  Extractor  
  14  0:56  Drone  
  16  1:12  Spawning Pool  
  16  1:14  Drone  
  16  1:17  Drone  
  17  1:25  Drone  
  18  1:28  Extractor  
  17  1:36  Drone  
  18  1:48  Drone x2  
  20  2:00  Queen, Zergling x4  
  24  2:04  Queen  
  26  2:14  Zergling x2  
  26  2:15  Overlord  
  27  2:25  Baneling Nest  
  27  2:26  Drone  
  27  2:28  Zergling x2  
  28  2:33  Zergling x2  
  28  2:36  Zergling x2  
  30  2:44  Drone x2  
  30  2:49  Drone  
  33  2:57  Overlord  
  33  2:59  Zergling x2  
  34  3:05  Spine Crawler  
  34  3:11  Baneling  
  33  3:16  Zergling x4  
  33  3:17  Zergling x2  
  31  3:23  Zergling x6  
  28  3:28  Zergling x4  
  28  3:31  Zergling x2  
  21  3:45  Zergling x2  
Tags
 
Add a new tag
Caveats
  • Supply blocks, unpowered buildings, or Contaminate may cause inaccurate times.
  • Supply counts are checked every 10 seconds.